AoeStats
← RosConor

Pilgrims

509869046Analyzed
4v4 RM · 5d ago on Sep 28, 2026· 65m 51s· 8 players
Game mode
Random Map
Map size
Large (8 player)
Population
200
Speed
Normal
Resources
Standard
Victory
Conquest
Starting age
Dark Age
Ending age
Imperial Age
RankedLock teamsTeams togetherTeam positionsShared explorationLock speedFull tech treeHidden civsTurbo modeCheats
Victory
Defeat
🇦🇺 Franks · Australia
756
+16
🇨🇳 Bulgarians · China
742
+16
🇨🇳 Portuguese · China
673
+19
🇨🇳 Chinese · China
670
+19
🇧🇪 Franks · Belgium
780
-20
🇬🇧 Persians · United Kingdom
764
-18
🇷🇸 Vietnamese · Serbia
734
-17
🇨🇿 Byzantines · Czechia
693
-15
BOOSON 8
5:03 Loom
15:54 Feudal Age
18:02 Fishing Lines
18:09 Horse Collar
18:17 Double-Bit Axe
18:27 Town Watch
18:16 Man-at-Arms
18:42 Arson
21:00 Gold Mining
21:01 Stone Mining
27:35 Castle Age
26:12 Wheelbarrow
29:25 Bow Saw
29:22 Heavy Plow
34:00 Gold Shaft Mining
34:01 Stone Shaft Mining
35:49 Caravan
36:20 Coinage
Comandante
8:12 Feudal Age
21:22 Castle Age
20:17 Stone Mining
20:09 Horse Collar
20:17 Double-Bit Axe
20:51 Gold Mining
22:14 Fishing Lines
24:41 Wheelbarrow
24:10 Heavy Plow
24:11 Gillnets
25:19 Demolition Ship
25:47 Town Watch
26:20 Hand Cart
28:28 Town Patrol
31:06 Bow Saw
31:36 Stone Shaft Mining
36:01 Imperial Age
33:26 Loom
34:19 Husbandry
35:43 Thumb Ring
35:29 Arson
35:45 Squires
36:37 Pikeman
37:20 Cavalier
38:30 Paper Money
39:58 Halberdier
40:44 Padded Archer Armor
40:44 Scale Mail Armor
40:50 Scale Barding Armor
40:56 Forging
40:36 Fletching
43:09 Elite Rattan Archer
44:51 Hoardings
44:33 Fortified Wall
44:53 Ballistics
44:29 Murder Holes
47:42 Leather Archer Armor
48:55 Chain Barding Armor
49:06 Ring Archer Armor
48:33 Bodkin Arrow
48:59 Arrowslits
MightyOwl
13:51 Loom
18:04 Feudal Age
23:49 Castle Age
22:51 Double-Bit Axe
22:56 Horse Collar
25:31 Gold Mining
33:33 Ballistics
38:11 Imperial Age
36:12 Elite Skirmisher
RosConor
5:08 Loom
12:35 Feudal Age
16:57 Double-Bit Axe
18:14 Fishing Lines
22:03 Wheelbarrow
21:14 Town Watch
24:48 Castle Age
23:27 Stone Mining
23:31 Gold Mining
24:23 Scale Mail Armor
24:34 Forging
27:13 Pikeman
27:41 Gambesons
27:56 Squires
29:00 Light Cavalry
29:47 Husbandry
37:12 Imperial Age
34:59 Bow Saw
36:17 Man-at-Arms
37:42 Chain Mail Armor
38:02 Iron Casting
Pro
13:59 Feudal Age
14:31 Double-Bit Axe
18:10 Castle Age
17:40 Stone Mining
19:47 Wheelbarrow
21:56 Fletching
23:42 Town Watch
27:02 Bodkin Arrow
27:22 Gold Mining
28:18 Hand Cart
29:18 Bow Saw
37:57 Imperial Age
35:21 Pikeman
39:04 Conscription
40:57 Gold Shaft Mining
43:33 Elite Throwing Axeman
47:58 Squires
47:19 Halberdier
58:34 Capped Ram
LLHKHAIHDIUA
10:58 Loom
13:24 Feudal Age
14:04 Double-Bit Axe
17:10 Horse Collar
19:05 Wheelbarrow
20:54 Castle Age
19:12 Fishing Lines
21:56 Gold Mining
22:00 Stone Mining
22:30 Bow Saw
24:10 Hand Cart
25:25 Heavy Plow
30:47 Stirrups
31:24 Forging
32:03 Gold Shaft Mining
32:50 Town Watch
36:31 Imperial Age
34:20 Scale Barding Armor
34:50 Iron Casting
34:17 Scale Mail Armor
35:34 Stone Shaft Mining
36:19 Bloodlines
36:09 Husbandry
36:38 Elite Konnik
37:44 Conscription
39:44 Town Patrol
39:55 Bagains
41:07 Capped Ram
44:38 Blast Furnace
43:59 Chain Barding Armor
43:54 Chain Mail Armor
43:33 Siege Ram
46:59 Plate Mail Armor
47:04 Plate Barding Armor
46:20 Fletching
46:31 Padded Archer Armor
52:19 Onager
55:22 Siege Onager
62:26 Spies/Treason
gl
10:21 Loom
14:59 Feudal Age
19:34 Castle Age
27:58 Imperial Age
26:55 Murder Holes
29:36 Double-Bit Axe
31:48 Chemistry
30:30 Treadmill Crane
41:22 Gold Mining
41:23 Stone Mining
41:24 Fletching
42:00 Ballistics
41:51 Fortified Wall
41:52 Masonry
41:47 Siege Engineers
41:45 Padded Archer Armor
41:45 Scale Mail Armor
41:55 Forging
41:23 Elite Organ Gun
42:04 Arquebus
41:26 Pikeman
41:52 Arson
43:15 Bodkin Arrow
43:35 Leather Archer Armor
43:35 Chain Mail Armor
44:58 Architecture
48:40 Elite Cannon Galleon
63:48 Stone Shaft Mining
63:16 Bracer
63:46 Ring Archer Armor
63:32 Chain Mail Armor
63:52 Iron Casting
63:29 Bow Saw
65:22 Plate Mail Armor
64:58 Scale Barding Armor
65:33 Wheelbarrow
64:44 Town Watch
David
9:06 Loom
13:57 Feudal Age
15:23 Wheelbarrow
14:38 Double-Bit Axe
15:36 Fishing Lines
21:57 Castle Age
21:30 Fletching
21:45 Padded Archer Armor
21:45 Scale Mail Armor
21:34 Arson
22:32 Gillnets
25:20 Hand Cart
25:38 Bow Saw
25:11 Horse Collar
25:30 Heated Shot
26:43 Ballistics
26:52 Medium Warships
26:45 Town Watch
29:04 Squires
28:24 Pikeman
29:12 Gold Mining
32:20 Imperial Age
29:53 Town Patrol
30:04 Bodkin Arrow
30:25 Chain Mail Armor
30:26 Leather Archer Armor
30:22 Forging
30:44 Fervor
32:17 Iron Casting
32:00 Masonry
31:47 Murder Holes
37:28 Heavy Warships
38:36 Two-Man Saw
37:44 Stone Mining
38:30 Gold Shaft Mining
39:49 Ring Archer Armor
39:20 Bracer
39:50 Plate Mail Armor
40:21 Blast Furnace
40:32 Architecture
41:04 Chemistry
39:50 Arrowslits
40:16 Fortified Wall
40:13 Siphons
40:20 Careening
41:41 Stone Shaft Mining
41:15 Demolition Ship
44:38 Scale Barding Armor
43:57 Elite Fire Lancer
44:49 Thumb Ring
44:05 Elite Skirmisher
44:07 Crossbowman
45:14 Heavy Demolition Ship
47:22 Conscription
47:26 Chain Barding Armor
47:30 Bombard Tower
47:21 Clinker Construction
49:29 Elite Chu Ko Nu
53:48 Plate Barding Armor
52:36 Man-at-Arms
53:53 Coinage
54:30 Rocketry
56:31 Halberdier
56:34 Long Swordsman
57:35 Great Wall
57:45 Husbandry
57:55 Bloodlines
57:07 Light Cavalry
57:50 Two-Handed Swordsman
58:58 Shipwright
60:15 Atonement
60:41 Sanctity
60:23 Devotion
60:50 Illumination
60:40 Block Printing
60:21 Herbal Medicine
61:02 Theocracy
60:41 Champion
60:47 Cavalier
61:49 Sappers
62:48 Dry Dock
62:21 Guard Tower
61:57 Capped Ram
Connection lost

Rejoining the realm…

Still unreachable

The connection could not be restored.

Session expired

The server has moved on; the page needs a fresh start.